 Seeded DCSS version 0.25.1-2-g60ff931df9 (webtiles) character file.

Game seed: 14887499385653633729 (custom seed)

414 sahdkjhfkaj the Sneak (level 6, -3/30 HPs)
             Began as a Felid Ice Elementalist on Nov 1, 2020.
             Slain by an orc
             ... wielding a +3 falchion
              (8 damage)
             ... on level 4 of the Dungeon.
             The game lasted 00:08:09 (5622 turns).

sahdkjhfkaj the Sneak (Felid Ice Elementalist)      Turns: 5622, Time: 00:08:09

Health: -3/30      AC:  2    Str:  4    XL:     6   Next: 60%
Magic:  7/10       EV: 20    Int: 18    God:
Gold:   156        SH:  0    Dex: 17    Spells: 5/9 levels left
                                        Lives:  0   Deaths: 1

rFire    . . .     SeeInvis +     - Unarmed
rCold    . . .     Gourm    .   (shield unavailable)
rNeg     . . .     Faith    .   (armour unavailable)
rPois    .         Spirit   .   (helmet unavailable)
rElec    .         Reflect  .   (cloak unavailable)
rCorr    .         Harm     .   (gloves unavailable)
MR       .....                  (boots unavailable)
Stlth    +++.......             (no amulet)
HPRegen  0.10/turn              (no ring)
MPRegen  0.12/turn              (no ring)

@: quick
A: very small, no armour, no weapons or thrown items, stealth, claws 1, fangs 3,
see invisible, carnivore, speed 1, shaggy fur 2, slow metabolism 1, sharp paws
a: no special abilities


You were on level 4 of the Dungeon.
You were very full.

You visited 1 branch of the dungeon, and saw 4 of its levels.

You collected 156 gold pieces.

Inventory:

Missiles
 d - 54 arrows
Jewellery
 h - an uncursed amulet of magic regeneration {unknown}
 i - a cursed ring of teleportation {unknown}
Wands
 g - a wand of paralysis (9)
 p - a wand of acid (12)
Scrolls
 c - 3 scrolls of teleportation {!r}
 e - a scroll of fog {!r}
 f - a scroll of blinking {!r}
 j - a scroll of magic mapping {!r}
 l - a scroll of immolation {!r, unknown}
 m - a scroll of amnesia {!r, unknown}
 r - a scroll of noise {!r, unknown}
Potions
 a - 3 potions of curing {!q}
 k - a potion of invisibility {!q, unknown}
 n - a potion of resistance {!q, unknown}
 o - a potion of brilliance {!q, unknown}
Comestibles
 b - 10 rations


   Skills:
 - Level 5.0 Fighting
 - Level 5.0 Dodging
 - Level 5.0 Stealth
 + Level 2.5 Unarmed Combat
 - Level 2.0 Spellcasting
 - Level 3.6 Ice Magic


You had 5 spell levels left.
You knew the following spells:

 Your Spells              Type           Power        Failure   Level  Hunger
a - Freeze                Ice            ##..         4%          1    #......
b - Frozen Ramparts       Ice            ##....       12%         3    ###....

Your spell library contained the following spells:

 Spells                   Type           Power        Failure   Level  Hunger
 Ozocubu's Armour         Chrm/Ice       #.......     26%         3    ###....
 Hailstorm                Conj/Ice       #.......     65%         4    #####..
 Summon Ice Beast         Ice/Summ       #.......     65%         4    #####..


Dungeon Overview and Level Annotations

Branches:
Dungeon (4/15)
 Temple: D:4-7

Altars:


Innate Abilities, Weirdness & Mutations

You cannot wear armour.
You are incapable of wielding weapons or throwing items.
Your paws allow you to move quietly. (Stealth)
You have sharp claws.
You have razor-sharp teeth.
You have supernaturally acute eyesight. (SInv)
You are carnivorous and can eat meat at any time.
You cover ground quickly.
You are covered in thick fur. (AC +2)
You have a slow metabolism.
Your sharp claws are effective at attacking unaware monsters.


Message History

Your Unarmed Combat skill increases to level 2!
The wall freezes the orc.
The orc throws a boomerang.
The boomerang completely misses you.
The weapon returns to the orc!
The wall freezes the orc priest.
The orc priest misses you.
The wall freezes the orc.
You kill the orc!
The frozen ramparts melt away.
The orc priest mumbles some strange prayers to Beogh against you.
Beogh smites you!
* * * LOW HITPOINT WARNING * * *
The orc shouts!
Casting: Frozen Ramparts (quite dangerous; 12% risk of failure)
Confirm with . or Enter, or press ? or * to list all spells.
Aiming: Freeze (safe; 4% risk of failure)
Press: ? - help, Shift-Dir - straight line, f - orc priest
Aim: an orc priest, wielding a +0 short sword (almost dead)
You freeze the orc priest.
You kill the orc priest!
The orc hits you with a +3 falchion!
You die...

#......##
#..#....#####.
#).#.......... #
#......######.## .#
##.....## ..# ...
#......## #.####..#
........#######..#...#
##...>....##....))..##
##...........?..@o.o.#
#...#...........)##..#
#..##.....###....#
#..###....# #....#
#..# ##...# .....# #
##..#.##...# ...##
##..# ##### ####


You could see 2 orcs.

Vanquished Creatures
  An ogre (D:4)
  4 orc priests
  2 worker ants
  7 gnolls
  10 adders
  An ooze (D:4)
  4 worms
  3 dart slugs
  3 leopard geckos
  4 orcs
  8 bats
  A giant cockroach (D:3)
  5 goblins
  11 hobgoblins
  10 jackals
  9 kobolds
  2 ball pythons (D:4)
  6 frilled lizards
  A leopard gecko skeleton (D:4)
  7 rats
99 creatures vanquished.

Notes
Turn   | Place    | Note
-------+----------+-------------------------------------------
     0 | D:1      | sahdkjhfkaj the Felid Ice Elementalist began the quest for
                  | the Orb.
     0 | D:1      | Reached XP level 1. HP: 7/7 MP: 4/4
    68 | D:1      | Reached skill level 1 in Fighting
   142 | D:1      | Reached skill level 1 in Unarmed Combat
   142 | D:1      | Reached XP level 2. HP: 12/12 MP: 6/6
  1209 | D:2      | Reached XP level 3. HP: 11/15 MP: 3/7
  1609 | D:2      | Reached skill level 5 in Stealth
  1656 | D:2      | Learned a level 3 spell: Frozen Ramparts
  1950 | D:2      | Reached XP level 4. HP: 19/19 MP: 0/8
  2906 | D:2      | Reached skill level 5 in Dodging
  3325 | D:3      | Reached XP level 5. HP: 22/22 MP: 5/9
  4053 | D:3      | Killed from afar by an orc priest
  4054 | D:3      | Reached XP level 4. HP: -1/20 MP: 0/8
  4174 | D:3      | Reached XP level 5. HP: 15/24 MP: 5/9
  4896 | D:4      | Noticed an ogre
  4919 | D:4      | Killed an ogre
  4919 | D:4      | Gained mutation: You are covered in thick fur. (AC +2)
                  | [Felid growth]
  4919 | D:4      | Reached XP level 6. HP: 30/30 MP: 2/10
  5385 | D:4      | Reached skill level 5 in Fighting
  5622 | D:4      | Slain by an orc

Illustrated notes

Levels and vault maps discovered:
D:1:      dpeg_arrival_erosion, layout_basic, supply_closet_lemuel,
          minmay_misc_feat_four_crosses
D:2:      layout_loops_ring, hangedman_feature_mirror
D:3:      layout_basic, first_ration, minmay_fractal_squares_gapless_5
D:4:      layout_layer_cave, saegor_snake_ambush

Skill      XL: |  1  2  3  4  5  6 |
---------------+-------------------+-----
Fighting       | 1 3 4 5 |  5.0
Unarmed Combat | 1 2 |  2.5
Stealth        | 3 4 5 |  5.0
Dodging        | 3 5 |  5.0
Spellcasting   | |  2.0
Ice Magic      | |  3.6

Action                   |  1- 3 |  4- 6 || total
-------------------------+-------+-------++-------
Melee: Unarmed           |    45 |    82 ||   127
       Bite              |     7 |    12 ||    19
 Cast: Freeze            |    43 |    21 ||    64
       Frozen Ramparts   |     1 |    28 ||    29
  Use: Potion            |     2 |       ||     2
       Scroll            |       |     7 ||     7
 Stab: Sleeping          |     6 |    15 ||    21
  Eat: Chunk             |     9 |    15 ||    24
Armor: Skin              |     9 |     5 ||    14
Dodge: Dodged            |    63 |   110 ||   173
